TOP OF THE 1ST |
University of Toronto Marlies batting - Pitching for Fresno State University Bulldogs : RHP Alex Rojas
|
Pitching: RHP Alex Rojas
|
|
Batting: LHB Efrem Isaev
|
0-0: Called Strike 0-1: Foul Ball, location: 2F 0-2: Ball 1-2: Ball 2-2: Fly out, F8 (Flyball, 8LD, EV 90.6 MPH)
|
Batting: RHB Logan Johnson
|
0-0: Foul Ball, location: 2F 0-1: Ball 1-1: Foul Ball, location: 2F 1-2: Foul Ball, location: 2F 1-2: Ball 2-2: Foul Ball, location: 2F 2-2: Ball 3-2: Fly out, F7 (Line Drive, 78S, EV 97.5 MPH)
|
Batting: SHB Jack Tierney
|
0-0: Ball 1-0: Called Strike 1-1: Called Strike 1-2: Ball 2-2: Ball 3-2: Fly out, F6 (Popup, 6D, EV 48.8 MPH)
|
Top of the 1st over - 0 runs, 0 hits, 0 errors, 0 left on base; University of Toronto 0 - Fresno State University 0 |
BOTTOM OF THE 1ST |
Fresno State University Bulldogs batting - Pitching for University of Toronto Marlies : RHP Matt Lane
|
Pitching: RHP Matt Lane
|
|
Batting: RHB Sinfronio Carreon
|
0-0: Ball 1-0: Ball 2-0: Ball 3-0: Called Strike 3-1: Foul Ball, location: 2F 3-2: Foul Ball, location: 2F 3-2: Fly out, F8 (Flyball, 8RD, EV 94.4 MPH)
|
Batting: LHB Ollie Strauss
|
0-0: Fly out, F5 (Popup, 5, EV 57.5 MPH)
|
Batting: SHB Carlton Stannard
|
0-0: Foul Ball, location: 2F 0-1: Swinging Strike 0-2: Ball 1-2: Ball 2-2: Fly out, F7 (Flyball, 7, EV 93.1 MPH)
|
Bottom of the 1st over - 0 runs, 0 hits, 0 errors, 0 left on base; University of Toronto 0 - Fresno State University 0 |
TOP OF THE 2ND |
University of Toronto Marlies batting - Pitching for Fresno State University Bulldogs : RHP Alex Rojas
|
Batting: RHB Akichika Yamano
|
0-0: Ball 1-0: Ball 2-0: Called Strike 2-1: Called Strike 2-2: Foul Ball, location: 2F 2-2: Ball 3-2: Base on Balls
|
Batting: SHB Shannon Britten
|
0-0: Fly out, F8 (Flyball, 78M, EV 86.2 MPH)
|
Batting: RHB Elmar Adenauer
|
0-0: SINGLE (Flyball, 9S, EV 89.4 MPH) Akichika Yamano to second Runner from 2nd tries for 3rd, SAFE, throw by RF made to third
|
Batting: RHB Jeff McClellan
|
0-0: Fly out, F8 (Line Drive, 4MD, EV 54.4 MPH) Runner from 3rd tags up, OUT at HOME! 8-2
|
Top of the 2nd over - 0 runs, 1 hit, 0 errors, 1 left on base; University of Toronto 0 - Fresno State University 0 |
BOTTOM OF THE 2ND |
Fresno State University Bulldogs batting - Pitching for University of Toronto Marlies : RHP Matt Lane
|
Batting: RHB Sandy Munoz
|
0-0: Called Strike 0-1: Fly out, F7 (Flyball, 7S, EV 87.5 MPH)
|
Batting: RHB Danilo Baldia
|
0-0: Fly out, F7 (Flyball, 7, EV 79.4 MPH)
|
Batting: LHB Brad Benanti
|
0-0: Ball 1-0: Ball 2-0: Called Strike 2-1: Swinging Strike 2-2: Fly out, F8 (Flyball, 8LM, EV 75.0 MPH)
|
Bottom of the 2nd over - 0 runs, 0 hits, 0 errors, 0 left on base; University of Toronto 0 - Fresno State University 0 |
TOP OF THE 3RD |
University of Toronto Marlies batting - Pitching for Fresno State University Bulldogs : RHP Alex Rojas
|
Batting: SHB Jose Melendez
|
0-0: Ball 1-0: Ball 2-0: Called Strike 2-1: Ground out 4-3 (Groundball, 4M, EV 101.9 MPH)
|
Batting: RHB Charlie Townend
|
0-0: Swinging Strike 0-1: Swinging Strike 0-2: Ball 1-2: Strikes out swinging
|
Batting: LHB Efrem Isaev
|
0-0: Called Strike 0-1: Ball 1-1: Ball 2-1: Foul Ball, location: 2F 2-2: Ball 3-2: DOUBLE (Line Drive, 7LM, EV 88.1 MPH)
|
Batting: RHB Logan Johnson
|
0-0: Ball 1-0: Ball 2-0: Called Strike 2-1: SINGLE (Groundball, 56, EV 85.6 MPH) (infield hit) Efrem Isaev to third
|
Batting: SHB Jack Tierney
|
0-0: SINGLE (Line Drive, 7S, EV 108.8 MPH) Efrem Isaev scores Logan Johnson to second
|
Batting: RHB Akichika Yamano
|
0-0: Called Strike 0-1: Ball 1-1: Swinging Strike 1-2: Ball 2-2: Ball 3-2: Strikes out swinging
|
Top of the 3rd over - 1 run, 3 hits, 0 errors, 2 left on base; University of Toronto 1 - Fresno State University 0 |
BOTTOM OF THE 3RD |
Fresno State University Bulldogs batting - Pitching for University of Toronto Marlies : RHP Matt Lane
|
Batting: LHB Moktar Ame
|
0-0: Called Strike 0-1: DOUBLE (Line Drive, 9LS, EV 103.1 MPH) - OUT at third base trying to stretch hit.
|
Batting: RHB Ryan Roberts
|
0-0: Ground out 6-3 (Groundball, 56, EV 77.5 MPH)
|
Batting: RHB Greg Meyer
|
0-0: SINGLE (Line Drive, 89S, EV 95.0 MPH)
|
Batting: RHB Sinfronio Carreon
|
0-0: Called Strike 0-1: Foul Ball, location: 2F 0-2: Foul Ball, location: 2F 0-2: Fly out, F6 (Popup, 6, EV 63.1 MPH)
|
Bottom of the 3rd over - 0 runs, 2 hits, 0 errors, 1 left on base; University of Toronto 1 - Fresno State University 0 |
TOP OF THE 4TH |
University of Toronto Marlies batting - Pitching for Fresno State University Bulldogs : RHP Alex Rojas
|
Batting: SHB Shannon Britten
|
0-0: Ground out 6-3 (Groundball, 6, EV 80.6 MPH)
|
Batting: RHB Elmar Adenauer
|
0-0: Reached on error, E5 (Groundball, 5, EV 88.8 MPH)
|
Batting: RHB Jeff McClellan
|
0-0: Ball 1-0: SINGLE (Line Drive, 8RS, EV 94.4 MPH) Elmar Adenauer to second
|
Batting: SHB Jose Melendez
|
0-0: Called Strike 0-1: Swinging Strike 0-2: Ball 1-2: Ball 2-2: Fielders Choice at 2nd, 1-6 (Groundball, 34S, EV 66.2 MPH) Elmar Adenauer to third
|
Batting: RHB Charlie Townend
|
0-0: Called Strike 0-1: Ball 1-1: Called Strike 1-2: Foul Ball, location: 2F 1-2: Ball 2-2: Ball 3-2: Ground out 5-3 (Groundball, 5, EV 86.2 MPH)
|
Top of the 4th over - 0 runs, 1 hit, 1 error, 2 left on base; University of Toronto 1 - Fresno State University 0 |
BOTTOM OF THE 4TH |
Fresno State University Bulldogs batting - Pitching for University of Toronto Marlies : RHP Matt Lane
|
Batting: LHB Ollie Strauss
|
0-0: Foul Ball, location: 2F 0-1: Ball 1-1: Swinging Strike 1-2: Fly out, F8 (Flyball, 8RD, EV 88.8 MPH)
|
Batting: SHB Carlton Stannard
|
0-0: Called Strike 0-1: Fly out, F8 (Flyball, 8LM, EV 83.8 MPH)
|
Batting: RHB Sandy Munoz
|
0-0: Ground out 5-3 (Groundball, 5, EV 86.9 MPH)
|
Bottom of the 4th over - 0 runs, 0 hits, 0 errors, 0 left on base; University of Toronto 1 - Fresno State University 0 |
TOP OF THE 5TH |
University of Toronto Marlies batting - Pitching for Fresno State University Bulldogs : RHP Alex Rojas
|
Batting: LHB Efrem Isaev
|
0-0: Ball 1-0: Ball 2-0: Called Strike 2-1: Swinging Strike 2-2: Foul Ball, location: 2F 2-2: Strikes out swinging
|
Batting: RHB Logan Johnson
|
0-0: Called Strike 0-1: Swinging Strike 0-2: Ball 1-2: Foul Ball, location: 2F 1-2: Ball 2-2: Fly out, F8 (Flyball, 78S, EV 86.9 MPH)
|
Batting: SHB Jack Tierney
|
0-0: Ball 1-0: Foul Ball, location: 2F 1-1: Ball 2-1: Swinging Strike 2-2: Strikes out swinging
|
Top of the 5th over - 0 runs, 0 hits, 0 errors, 0 left on base; University of Toronto 1 - Fresno State University 0 |
BOTTOM OF THE 5TH |
Fresno State University Bulldogs batting - Pitching for University of Toronto Marlies : RHP Matt Lane
|
Batting: RHB Danilo Baldia
|
0-0: Ball 1-0: Ground out 3-1 (Groundball, 13, EV 89.4 MPH)
|
Batting: LHB Brad Benanti
|
0-0: Ball 1-0: Ball 2-0: Swinging Strike 2-1: Called Strike 2-2: Strikes out looking
|
Batting: LHB Moktar Ame
|
0-0: Ball 1-0: Ball 2-0: Foul Ball, location: 2F 2-1: Foul Ball, location: 2F 2-2: Ball 3-2: Base on Balls
|
Batting: RHB Ryan Roberts
|
0-0: Called Strike 0-1: Ball 1-1: Ball 2-1: Ground out 6-3 (Groundball, 6M, EV 103.1 MPH)
|
Bottom of the 5th over - 0 runs, 0 hits, 0 errors, 1 left on base; University of Toronto 1 - Fresno State University 0 |
TOP OF THE 6TH |
University of Toronto Marlies batting - Pitching for Fresno State University Bulldogs : RHP Alex Rojas
|
Pitching: RHP Andy Dozier
|
|
Batting: RHB Akichika Yamano
|
0-0: Called Strike 0-1: SOLO HOME RUN (Flyball, 7D, EV 104.4 MPH), Distance : 403 ft
|
Batting: SHB Shannon Britten
|
0-0: Swinging Strike 0-1: Ball 1-1: Foul Ball, location: 2F 1-2: Foul Ball, location: 2F 1-2: Strikes out swinging
|
Batting: RHB Elmar Adenauer
|
0-0: Ball 1-0: Ball 2-0: SINGLE (Groundball, 56D, EV 95.0 MPH)
|
Batting: RHB Jeff McClellan
|
0-0: Fly out, F8 (Line Drive, 8RM, EV 88.1 MPH)
|
Batting: SHB Jose Melendez
|
0-0: Ball 1-0: Ball 2-0: Ball Elmar Adenauer is caught stealing 2nd base 2-6
|
Top of the 6th over - 1 run, 2 hits, 0 errors, 0 left on base; University of Toronto 2 - Fresno State University 0 |
BOTTOM OF THE 6TH |
Fresno State University Bulldogs batting - Pitching for University of Toronto Marlies : RHP Matt Lane
|
Batting: RHB Greg Meyer
|
0-0: Called Strike 0-1: Called Strike 0-2: Ball 1-2: Fly out, F9 (Flyball, 9, EV 93.8 MPH)
|
Batting: RHB Sinfronio Carreon
|
0-0: Called Strike 0-1: Swinging Strike 0-2: Ball 1-2: Strikes out swinging
|
Batting: LHB Ollie Strauss
|
0-0: Ball 1-0: Ball 2-0: Fly out, F9 (Flyball, 9LM, EV 90.0 MPH)
|
Bottom of the 6th over - 0 runs, 0 hits, 0 errors, 0 left on base; University of Toronto 2 - Fresno State University 0 |
TOP OF THE 7TH |
University of Toronto Marlies batting - Pitching for Fresno State University Bulldogs : RHP Andy Dozier
|
Batting: SHB Jose Melendez
|
0-0: Foul Ball, location: 2F 0-1: Foul Ball, location: 2F 0-2: Fly out, F3 (Line Drive, 3L, EV 70.6 MPH)
|
Batting: RHB Charlie Townend
|
0-0: Called Strike 0-1: Ball 1-1: Ball 2-1: Fly out, F8 (Flyball, 8RD, EV 97.5 MPH)
|
Batting: LHB Efrem Isaev
|
0-0: SINGLE (Line Drive, 9S, EV 107.5 MPH)
|
Batting: RHB Logan Johnson
|
0-0: Fly out, F8 (Flyball, 8RD, EV 88.1 MPH)
|
Top of the 7th over - 0 runs, 1 hit, 0 errors, 1 left on base; University of Toronto 2 - Fresno State University 0 |
BOTTOM OF THE 7TH |
Fresno State University Bulldogs batting - Pitching for University of Toronto Marlies : RHP Matt Lane
|
Batting: SHB Carlton Stannard
|
0-0: Foul Ball, location: 2F 0-1: Ball 1-1: Called Strike 1-2: Strikes out swinging
|
Batting: RHB Sandy Munoz
|
0-0: Fly out, F8 (Flyball, 89XD, EV 91.2 MPH)
|
Batting: RHB Danilo Baldia
|
0-0: Called Strike 0-1: Swinging Strike 0-2: Fly out, F4 (Popup, 34S, EV 82.5 MPH)
|
Bottom of the 7th over - 0 runs, 0 hits, 0 errors, 0 left on base; University of Toronto 2 - Fresno State University 0 |
TOP OF THE 8TH |
University of Toronto Marlies batting - Pitching for Fresno State University Bulldogs : RHP Andy Dozier
|
Batting: SHB Jack Tierney
|
0-0: Foul Ball, location: 2F 0-1: Ball 1-1: Foul Ball, location: 2F 1-2: Fly out, F6 (Popup, P, EV 85.0 MPH)
|
Batting: RHB Akichika Yamano
|
0-0: Ball 1-0: Fly out, F8 (Flyball, 8LM, EV 91.9 MPH)
|
Batting: SHB Shannon Britten
|
0-0: Ball 1-0: Called Strike 1-1: Called Strike 1-2: Foul Ball, location: 2F 1-2: Foul Ball, location: 2F 1-2: Strikes out looking
|
Top of the 8th over - 0 runs, 0 hits, 0 errors, 0 left on base; University of Toronto 2 - Fresno State University 0 |
BOTTOM OF THE 8TH |
Fresno State University Bulldogs batting - Pitching for University of Toronto Marlies : RHP Matt Lane
|
Batting: LHB Brad Benanti
|
0-0: Ball 1-0: Ball 2-0: Called Strike 2-1: Ball 3-1: Fly out, F9 (Flyball, 9, EV 80.0 MPH)
|
Batting: LHB Moktar Ame
|
0-0: SOLO HOME RUN (Flyball, 9D, EV 102.5 MPH), Distance : 412 ft
|
Batting: RHB Ryan Roberts
|
0-0: Foul Ball, location: 2F 0-1: Foul Ball, location: 2F 0-2: Ball 1-2: Ball 2-2: Strikes out swinging
|
Pinch Hitting: LHB Abraham Batista
|
0-0: Ball 1-0: Foul Ball, location: 2F 1-1: Called Strike 1-2: Ground out 6-3 (Groundball, 4M, EV 88.1 MPH)
|
Bottom of the 8th over - 1 run, 1 hit, 0 errors, 0 left on base; University of Toronto 2 - Fresno State University 1 |
TOP OF THE 9TH |
University of Toronto Marlies batting - Pitching for Fresno State University Bulldogs : RHP Andy Dozier
|
Pitching: RHP Antonio Levario
|
|
Now at 3B: John Chapman
|
|
Batting: RHB Elmar Adenauer
|
0-0: Ball 1-0: Called Strike 1-1: Ball 2-1: Swinging Strike 2-2: Ball 3-2: Fly out, F6 (Popup, 6MS, EV 76.2 MPH)
|
Batting: RHB Jeff McClellan
|
0-0: Called Strike 0-1: Fly out, F8 (Flyball, 89D, EV 90.0 MPH)
|
Batting: SHB Jose Melendez
|
0-0: Ball 1-0: SINGLE (Groundball, 34S, EV 66.2 MPH) (infield hit)
|
Batting: RHB Charlie Townend
|
0-0: Called Strike 0-1: Called Strike 0-2: Ball 1-2: Ball 2-2: Foul Ball, location: 2F 2-2: Ball 3-2: SINGLE (Line Drive, 3L, EV 96.9 MPH) Jose Melendez to second Jose Melendez to third
|
Batting: LHB Efrem Isaev
|
0-0: Foul Ball, location: 2F 0-1: Ball 1-1: Fielders Choice at 2nd, 5-4 (Groundball, 56, EV 91.2 MPH)
|
Top of the 9th over - 0 runs, 2 hits, 0 errors, 2 left on base; University of Toronto 2 - Fresno State University 1 |
BOTTOM OF THE 9TH |
Fresno State University Bulldogs batting - Pitching for University of Toronto Marlies : RHP Matt Lane
|
Pitching: RHP Luke Stannard
|
|
Batting: RHB Sinfronio Carreon
|
0-0: Ball 1-0: Called Strike 1-1: Ball 2-1: Foul Ball, location: 2F 2-2: Fly out, F6 (Line Drive, 6M, EV 67.5 MPH)
|
Batting: LHB Ollie Strauss
|
0-0: Ball 1-0: Foul Ball, location: 2F 1-1: Foul Ball, location: 2F 1-2: Ground out 5-3 (Groundball, 56, EV 80.6 MPH)
|
Batting: SHB Carlton Stannard
|
0-0: Ball 1-0: Ground out 6-3 (Groundball, 6, EV 101.2 MPH)
|
Bottom of the 9th over - 0 runs, 0 hits, 0 errors, 0 left on base; University of Toronto 2 - Fresno State University 1 |
|